 Dungeon Crawl Stone Soup version 0.30-a0-1074-g5db6f66fbb (webtiles) character file.

Game seed: 17882020767137877125

287 OrthodoxDeviant the Digger (level 6, -6/41 HPs)
             Began as a Barachi Earth Elementalist on Apr 14, 2023.
             Mangled by a howler monkey (7 damage)
             ... on level 4 of the Dungeon.
             The game lasted 00:07:06 (3212 turns).

OrthodoxDeviant the Digger (BaEE)                   Turns: 3212, Time: 00:07:07

Health: -6/41      AC:  2    Str:  9      XL:     6   Next: 30%
Magic:  15/19      EV: 12    Int: 18      God:
Gold:   149        SH:  0    Dex: 11 (12) Spells: 5/11 levels left

rFire   + . .      SeeInvis .    i - +2 hand axe (elec)
rCold   . . .      Faith    .    (no shield)
rNeg    . . .      Spirit   .    a - +0 robe
rPois   .          Reflect  .    (no helmet)
rElec   .          Rampage  .    (no cloak)
rCorr   .                        (no gloves)
Will    .....                    (no boots)
Stlth   ++                       (no amulet)
HPRegen 0.26/turn                l - ring of protection from fire
MPRegen 0.16/turn                n - ring of magical power

@: weak-willed, slow
A: amphibious, slowness 1, strong legs 1, +LOS
a: Hop


You were on level 4 of the Dungeon.
You visited 1 branch of the dungeon, and saw 4 of its levels.

You collected 149 gold pieces.

Inventory:

Hand Weapons
 i - a +2 hand axe of electrocution (weapon)
Armour
 a - a +0 robe (worn)
Jewellery
 e - a ring of protection from fire
 l - a ring of protection from fire (left hand)
 n - a ring of magical power (right hand)
Wands
 m - a wand of iceblast (3)
 s - a wand of polymorph (4)
Scrolls
 c - a scroll of magic mapping {unknown}
 d - a scroll of fog
 g - a scroll of teleportation {unknown}
 h - 3 scrolls of noise
 p - a scroll of immolation {unknown}
 q - a scroll of poison {unknown}
 r - a scroll of enchant weapon {unknown}
 t - 2 scrolls of vulnerability
 v - 5 scrolls of identify {unknown}
 y - a scroll of brand weapon {unknown}
Potions
 b - a potion of magic
 f - a potion of flight {unknown}
 j - a potion of mutation {unknown}
 k - 4 potions of degeneration {unknown}
 o - 2 potions of cancellation {unknown}
 u - 2 potions of lignification {unknown}
 w - a potion of heal wounds {unknown}
 x - 3 potions of curing {unknown}
 z - a potion of ambrosia {unknown}


   Skills:
 - Level 2.1 Dodging
 - Level 1.7 Stealth
 - Level 3.0 Spellcasting
 + Level 3.9 Conjurations
 - Level 1.1 Transmutations
 + Level 5.2 Earth Magic


You had 5 spell levels left.
You knew the following spells:

 Your Spells              Type           Power      Damage    Failure   Level
a - Sandblast             Erth           42%        2d11      1%          1
b - Stone Arrow           Conj/Erth      38%        3d9       8%          3
c - Passwall              Tmut/Erth      11%        N/A       7%          2

Your spell library contained the following spells:

 Spells                   Type           Power      Damage    Failure   Level
 Petrify                  Tmut/Erth      14%        N/A       41%         4


Dungeon Overview and Level Annotations

Branches:
Dungeon (4/15)
 Temple: D:4-7

Altars:
Dithmenos
Fedhas
Trog
Zin

Shops:
D:2 =

Annotations:
D:4 Blork the orc


Innate Abilities, Weirdness & Mutations

You are amphibious.
You cover ground slowly.
You can hop short distances.
You have an extended range of vision and can be seen from far away.


Message History

An ufetubus comes into view.
The howler monkey hits you.
Blork the orc screams, "You are the ugliest creature I've ever seen!"
The ufetubus hits you. The ufetubus barely misses you.
You hit the ufetubus.
The ufetubus is severely wounded.
You closely miss the howler monkey. You barely miss the shadow imp.
The howler monkey hits you! The ufetubus barely misses you.
The ufetubus hits you but does no damage.
Blork the orc hits you from afar with a +0 halberd!
The shadow imp hits you but does no damage.
The howler monkey closely misses you.
Okay, then.
As you read the scroll labelled IMANOZ GEYSAV, it crumbles to dust.
The scroll dissolves into smoke.
It was a scroll of fog.
The ufetubus hits you but does no damage.
The ufetubus hits you.
* * * LOW HITPOINT WARNING * * *
Blork the orc closely misses you.
The shadow imp hits you but does no damage.
The howler monkey hoots and howls with incredible vigour!
The ufetubus barely misses you. The ufetubus closely misses you.
As you read the scroll labelled VAFA ATOUM MOU, it crumbles to dust.
Magic quickly surges around you.
It was a scroll of vulnerability.
The ufetubus misses you. The ufetubus closely misses you.
The howler monkey barely misses you.
Blork the orc hits you from afar with a +0 halberd.
* * * LOW HITPOINT WARNING * * *
The shadow imp hits you but does no damage.
As you read the scroll labelled AHISAE ARCHEFAINWA, it crumbles to dust.
You hear a loud clanging noise!
It was a scroll of noise.
The ufetubus misses you. The ufetubus hits you.
* * * LOW HITPOINT WARNING * * *
The howler monkey hits you but does no damage.
Blork the orc mumbles some strange words.
Blork the orc seems to speed up.
The shadow imp hits you.
* * * LOW HITPOINT WARNING * * *
The ufetubus closely misses you. The ufetubus barely misses you.
The howler monkey hits you!
You die...

# #.# ##########
#.########........#
########.................##
.........................># .
#....###.......§§§§.......# .o
........)###.###5ho.......## ...
#..........#.# #@######.†..# .^5.
......##.#.#.###5### #....#.....
..(.......<.....§.... #......#
.#.##.##............. #.#.#.[....
#####.####.####.........#.#......
........ ### #...∩..##...#.#....
.......... #......+...........
........#.### #......####.#.. ...
............# #...#.## #...## ..


You could see Blork the orc (fast, weak-willed), a howler monkey (weak-willed),
a shadow imp (weak-willed) and an ufetubus (weak-willed).

Vanquished Creatures
  A scorpion (D:4)
  A quasit (D:4)
  A hound (D:4)
  A scorpion zombie (D:3)
  Robin (D:3)
  2 adders (D:2)
  3 ufetubi
  2 adder skeletons (D:3)
  A dart slug (D:1)
  An orc (D:3)
  6 ball pythons
  6 bats
  10 endoplasms
  A giant cockroach (D:1)
  18 goblins
  9 hobgoblins
  4 jackals
  7 kobolds
  5 quokkas
  A ball python skeleton (D:3)
  A frilled lizard (D:3)
  A quokka zombie (D:3)
  5 rats
88 creatures vanquished.

Vanquished Creatures (others)
  4 demonic plants (D:4)
  9 withered plants (D:3)
13 creatures vanquished.

Grand Total: 101 creatures vanquished

Notes
Turn   | Place    | Note
-------+----------+-------------------------------------------
     0 | D:1      | OrthodoxDeviant the Barachi Earth Elementalist began the
                  | quest for the Orb.
     0 | D:1      | Reached XP level 1. HP: 13/13 MP: 3/3
   195 | D:1      | Reached XP level 2. HP: 19/19 MP: 1/5
   635 | D:1      | Reached XP level 3. HP: 24/24 MP: 4/7
   693 | D:1      | Learned a level 3 spell: Stone Arrow
   696 | D:1      | Learned a level 2 spell: Passwall
  1125 | D:2      | Reached skill level 1 in Conjurations
  1320 | D:2      | Found Yribefon's One-of-a-Kind Rings.
  1635 | D:2      | Reached skill level 4 in Earth Magic
  1635 | D:2      | Reached XP level 4. HP: 30/30 MP: 8/8
  1994 | D:3      | Noticed Robin
  2011 | D:3      | Killed Robin
  2136 | D:3      | Reached XP level 5. HP: 19/35 MP: 9/9
  2382 | D:3      | Found a blossoming altar of Fedhas.
  2382 | D:3      | Found a shadowy altar of Dithmenos.
  2439 | D:3      | Found a bloodstained altar of Trog.
  2530 | D:3      | Found a glowing silver altar of Zin.
  3161 | D:4      | Reached skill level 5 in Earth Magic
  3161 | D:4      | Reached XP level 6. HP: 41/41 MP: 10/10
  3188 | D:4      | Noticed Blork the orc
  3212 | D:4      | HP: 1/41 [shadow imp (3)]
  3212 | D:4      | Mangled by a howler monkey

Illustrated notes

Levels and vault maps discovered:
D:1:      minmay_arrival_plants_in_alcoves, layout_basic
D:2:      layout_loops_ring, nicolae_shop_unique_rings
D:3:      layout_loops_ring, gammafunk_temple_overflow_claw, zin_scriptorium,
          serial_undead, serial_undead_c, serial_undead_d, serial_undead_d,
          serial_undead_e, serial_undead_f, serial_undead_b, serial_undead_e,
          dk_vineyard_1, uniq_robin
D:4:      layout_basic, serial_demonic, serial_demonic_d, serial_demonic_e,
          serial_demonic_e, serial_demonic_f, serial_demonic_b,
          serial_demonic_g, serial_demonic_d, serial_demonic_f,
          uniq_blork_the_orc

Skill      XL: |  1  2  3  4  5 |
---------------+----------------+-----
Spellcasting   | 3 |  3.0
Conjurations   | 1 2 3 |  3.9
Earth Magic    | 4 5 |  5.2
Dodging        | |  2.1
Stealth        | |  1.7
Transmutations | |  1.1

Action                     |  1- 3 |  4- 6 || total
---------------------------+-------+-------++-------
  Melee: Hand axe          |       |     1 ||     1
   Cast: Sandblast         |    52 |    76 ||   128
         Stone Arrow       |       |     3 ||     3
    Use: Scroll            |       |     3 ||     3
 Armour: Robe              |     2 |    13 ||    15
  Dodge: Dodged            |     3 |    48 ||    51

Table legend: (Time is in decaauts)
 A = Elapsed time spent in this place.
 B = Non-inter-level travel time spent in this place.
 C = Inter-level travel time spent in this place.
 D = Time resting spent in this place.
 E = Time spent auto-exploring this place.
 F = Levels seen in this place.
 G = Mean time per level.
                   A        B        C        D        E       F      G
               +--------+--------+--------+--------+--------+-----+--------+
         Total |   3698 |   3492 |    206 |    331 |   2530 |   4 |  924.5 |
       Dungeon |   3698 |   3492 |    206 |    331 |   2530 |   4 |  924.5 |
               +--------+--------+--------+--------+--------+-----+--------+

Top non-repeatable levels by time:
     D:3: 1381 daAuts
     D:1: 1088 daAuts
     D:2: 1008 daAuts
     D:4: 219 daAuts
